 Dungeon Crawl Stone Soup version 0.29.0-11-gd7f09526c8 (webtiles) character file.

Game seed: 18127564837791730233

0 ILmort the Shooter (level 1, 0/12 HPs)
             Began as a Gargoyle Hunter on Sept 6, 2022.
             Slain by a jackal (1 damage)
             ... on level 1 of the Dungeon.
             The game lasted 00:00:52 (35 turns).

ILmort the Shooter (Gargoyle Hunter)                  Turns: 35, Time: 00:00:53

Health: 0/12       AC:  5    Str: 14    XL:     1   Next: 10%
Magic:  1/1        EV: 11    Int:  9    God:
Gold:   4          SH:  0    Dex: 13    Spells: 0/0 levels left

rFire   . . .      SeeInvis .   a - +0 shortbow
rCold   . . .      Faith    .   (shield currently unavailable)
rNeg    + . .      Spirit   .   c - +0 leather armour
rPois   ∞          Reflect  .   (no helmet)
rElec   +          Harm     .   (no cloak)
rCorr   .          Rampage  .   (no gloves)
Will    .....                   (no boots)
Stlth   +.........              (no amulet)
HPRegen 0.04/turn               (no ring)
MPRegen 0.07/turn               (no ring)

@: no status effects
A: sickness immunity, AC +2, negative energy resistance 1, electricity
resistance, torment resistance 1, petrification resistance
a: no special abilities


You were on level 1 of the Dungeon.
You visited 1 branch of the dungeon, and saw 1 of its levels.

You collected 4 gold pieces.

Inventory:

Hand Weapons
 a - a +0 shortbow (weapon)
Armour
 c - a +0 leather armour (worn)
Scrolls
 b - a scroll of immolation


   Skills:
 + Level 2.2 Fighting
 * Level 4.0 Ranged Weapons
 - Level 1.5 Dodging
 - Level 1.1 Stealth


You couldn't memorise any spells.
You didn't know any spells.
Your spell library was empty.

Dungeon Overview and Level Annotations

Branches:
Dungeon (1/15)

Altars:


Innate Abilities, Weirdness & Mutations

You are immune to sickness and miasma.
Your stone body is resilient. (AC +2)
You are immune to poison.
You resist negative energy. (rN+)
You are resistant to electric shocks. (rElec)
You are resistant to unholy torment.
You are immune to petrification.


Message History

The jackal bites you but does no damage.
The jackal barely misses you.
The giant cockroach bites you but does no damage.
The jackal barely misses you. The jackal bites you.
The giant cockroach closely misses you.
You clumsily bash the jackal but do no damage.
The jackal closely misses you. The jackal bites you.
The jackal completely misses you.
The giant cockroach bites you but does no damage.
The jackal closely misses you.
You completely miss the jackal. The jackal misses you.
The giant cockroach closely misses you. The jackal closely misses you.
The jackal bites you.
* * * LOW HITPOINT WARNING * * *
The giant cockroach closely misses you. The jackal barely misses you.
You clumsily bash the jackal but do no damage.
The jackal bites you but does no damage.
The giant cockroach barely misses you.
The jackal bites you but does no damage.
The jackal closely misses you. The giant cockroach barely misses you.
The jackal barely misses you.
The jackal bites you but does no damage.
You barely miss the jackal. The jackal barely misses you.
The giant cockroach barely misses you. The jackal barely misses you.
The jackal bites you but does no damage.
The giant cockroach closely misses you. The jackal misses you.
You closely miss the jackal.
The jackal bites you but does no damage.
The jackal barely misses you.
The giant cockroach bites you but does no damage.
The jackal closely misses you. The jackal misses you.
The giant cockroach bites you but does no damage.
You barely miss the jackal. The jackal bites you.
* * * LOW HITPOINT WARNING * * *
The jackal bites you but does no damage.
The giant cockroach bites you.
* * * LOW HITPOINT WARNING * * *
The jackal bites you but does no damage.
The jackal bites you.
You die...

### #.......
...##......
.>........
........$
........# #####
#..####### ....).
#.........
###...###...###.$
#......@hr....#
#......Bh.....#
...###...###.....
. #...[..<#.....
#.......#.....
.............#..
......#......#..
#.............#
...#.......#...#


You could see 2 jackals, a giant cockroach and a rat.

Vanquished Creatures
  A frilled lizard (D:1)
1 creature vanquished.

Notes
Turn   | Place    | Note
-------+----------+-------------------------------------------
     0 | D:1      | ILmort the Gargoyle Hunter began the quest for the Orb.
     0 | D:1      | Reached XP level 1. HP: 12/12 MP: 1/1
    35 | D:1      | Slain by a jackal

Illustrated notes

Levels and vault maps discovered:
D:1:      minmay_arrival_open_corners, layout_basic

Action                   || total
-------------------------++-------
Melee: Shortbow          ||    13
 Fire: Shortbow          ||     8
Armor: Leather armour    ||    33
Dodge: Dodged            ||    51
